 Dungeon Crawl Stone Soup version 0.27.0-1-g7a089689b8 (webtiles) character file.

Game seed: 5931872988674202587

121 sakkuzi the Insei (level 4, -6/35 HPs)
             Began as a Demigod Transmuter on Aug 10, 2021.
             Killed by divine providence
             ... invoked by an orc priest
              (11 damage)
             ... on level 3 of the Dungeon.
             The game lasted 00:15:52 (2827 turns).

sakkuzi the Insei (Demigod Transmuter)              Turns: 2827, Time: 00:15:53

Health: -6/35      AC:  2    Str: 17    XL:     4   Next: 49%
Magic:  10/10      EV: 13    Int: 15    God:
Gold:   84         SH:  0    Dex: 18    Spells: 6/7 levels left

rFire    . . .     SeeInvis .   c - +0 short sword (drain)
rCold    . . .     Faith    .   (no shield)
rNeg     . . .     Spirit   .   a - +0 robe
rPois    .         Reflect  .   (no helmet)
rElec    .         Harm     .   (no cloak)
rCorr    .         Rampage  .   (no gloves)
Will     .....                  (no boots)
Stlth    ++........             (no amulet)
HPRegen  0.11/turn              h - +6 ring of strength
MPRegen  0.12/turn              (no ring)

@: no status effects
A: high mp 1, forlorn
a: no special abilities


You were on level 3 of the Dungeon.
You visited 1 branch of the dungeon, and saw 3 of its levels.

You collected 84 gold pieces.

Inventory:

Hand Weapons
 c - a +0 short sword of draining (weapon)
 e - a +0 dagger
Missiles
 b - 26 bolts
 g - 30 arrows
 o - 27 stones
Armour
 a - a +0 robe (worn)
 f - a +0 ring mail
Jewellery
 h - a +6 ring of strength (left hand)
 i - an amulet of guardian spirit
Scrolls
 k - a scroll of torment {unknown}
 l - a scroll of teleportation {unknown}
 p - a scroll of identify
Potions
 d - a potion of magic {unknown}
 j - 2 potions of curing {unknown}
 m - a potion of lignification {unknown}
 n - 2 potions of degeneration {unknown}


   Skills:
 + Level 1.3 Fighting
 + Level 1.2 Short Blades
 + Level 2.5 Dodging
 + Level 0.3 Stealth
 + Level 3.4 Unarmed Combat
 + Level 2.2 Spellcasting
 + Level 2.3 Transmutations


You had 6 spell levels left.
You knew the following spells:

 Your Spells              Type           Power      Damage    Failure   Level
a - Beastly Appendage     Tmut           16%        N/A       9%          1

Your spell library contained the following spells:

 Spells                   Type           Power      Damage    Failure   Level
 Wereblood                Tmut           8%         N/A       12%         2
 Spider Form              Tmut/Pois      2%         N/A       36%         3
 Ice Form                 Ice/Tmut       5%         N/A       78%         4


Dungeon Overview and Level Annotations

Branches:
Dungeon (3/15)

Shops:
D:2 [?!

Portals:
Sewer: D:3

Annotations:
D:2 1 exclusion


Innate Abilities, Weirdness & Mutations

Your attributes grow dramatically as you level up.
You have an increased reservoir of magic. (+10% MP)
You shall have no god before yourself.


Message History

You barely miss Natasha. Your punch misses Natasha. Natasha barely misses you.
You hit Natasha but do no damage. Your kick misses Natasha.
Natasha stares at you and mumbles some strange words.
The magic dart hits you.
You hit Natasha. You drain Natasha. Your kick misses Natasha.
Natasha is moderately wounded.
Natasha closely misses you.
You hit Natasha. You drain Natasha. You claw Natasha.
Natasha is almost dead.
Your transformation is almost over.
Natasha casts a spell at you. You resist with some effort.
You hit Natasha.
You kill Natasha!
Natasha growls in agony!
Your Short Blades skill increases to level 1!
You hit the dart slug. You drain the dart slug. You claw the dart slug.
You headbutt the dart slug.
You kill the dart slug!
You see here the felid corpse of Natasha.
The adder hisses angrily.
The giant cockroach waves its antennae.
Found a leather armour. 3 orcs and an orc priest come into view.
The orc shouts!
You hear a shout!
The orc shouts!
The orc priest picks up a fustibalus.
The orc priest wields a fustibalus.
An orc comes into view. It is wielding a +0 short sword.
The orc shouts!
Found a glowing drain.
Your horns disappear.
Your talons disappear.
The giant cockroach waves its antennae.
The orc priest calls down the wrath of Beogh upon you.
Beogh smites you!
You see here the felid corpse of Natasha.
The orc priest mumbles some strange prayers to Beogh against you.
Pain shoots through your body!
* * * LOW HITPOINT WARNING * * *
The orc priest calls down the wrath of Beogh upon you.
Beogh smites you!
You die...

# #†#.....## ##.
#..>...##
####..###o.#####
#.......o.##
.#.###<.## #oo##
# #o##
...##.##.#
[......@.#
####..#### #. #.
.. .. .


You could see an orc priest and 4 orcs.

Vanquished Creatures
  Natasha (D:3)
  4 adders (D:2)
  2 worms (D:2)
  2 dart slugs
  An orc (D:2)
  4 bats
  5 endoplasms
  A giant cockroach (D:2)
  A goblin (D:1)
  6 hobgoblins
  6 jackals
  3 kobolds
  4 ball pythons
  3 frilled lizards
  3 rats (D:1)
46 creatures vanquished.

Notes
Turn   | Place    | Note
-------+----------+-------------------------------------------
     0 | D:1      | sakkuzi the Demigod Transmuter began the quest for the Orb.
     0 | D:1      | Reached XP level 1. HP: 15/15 MP: 5/5
     4 | D:1      | You fall into a shaft and drop 1 floor!
    69 | D:2      | Reached skill level 3 in Unarmed Combat
    69 | D:2      | Reached XP level 2. HP: 1/22 MP: 7/7
   522 | D:2      | Found Tuafuoj's Distillery.
   946 | D:2      | Reached XP level 3. HP: 26/27 MP: 8/8
  1027 | D:2      | Reached skill level 1 in Fighting
  1471 | D:2      | Found Gappe's Magic Scroll Emporium.
  1536 | D:2      | Found Lufann's Armour Shoppe.
  2021 | D:1      | Reached XP level 4. HP: 24/35 MP: 10/10
  2796 | D:3      | Noticed Natasha
  2808 | D:3      | Killed Natasha
  2809 | D:3      | Reached skill level 1 in Short Blades
  2813 | D:3      | Found a glowing drain.
  2827 | D:3      | Killed from afar by an orc priest

Illustrated notes

Levels and vault maps discovered:
D:1:      eino_arrival_water_star, layout_loops_cross,
          hellmonk_ecumenical_altar_dog_temple
D:2:      layout_loops_corners, serial_shops,
          nicolae_shop_temple_entry_statues_fountains, shop_fountains,
          nicolae_lakefront_shop
D:3:      layout_rooms, gup_sewer_entry_glass, uniq_crazy_yiuf_cottage,
          uniq_natasha, uniq_terence, uniq_grinder

Skill      XL: |  1  2  3  4 |
---------------+-------------+-----
Unarmed Combat | 3 |  3.4
Spellcasting   | 2 |  2.2
Transmutations | 2 |  2.3
Dodging        | 2 |  2.5
Fighting       | 1 |  1.3
Short Blades   | 1 |  1.2
Stealth        | |  0.3

Action                   |  1- 3 |  4- 6 || total
-------------------------+-------+-------++-------
Melee: Short sword       |   100 |    26 ||   126
       Unarmed           |     5 |       ||     5
       Kick              |    13 |     2 ||    15
       Headbutt          |     5 |     1 ||     6
       Punch             |     2 |       ||     2
 Cast: Beastly Appendage |     9 |     1 ||    10
  Use: Scroll            |     1 |       ||     1
 Stab: Sleeping          |       |     1 ||     1
Armor: Robe              |    22 |     5 ||    27
Dodge: Dodged            |    64 |    11 ||    75
